 Seeded DCSS version 0.31-a0-210-gccc998df9b (webtiles) character file.

Game seed: 8113056780134302019 (custom seed)

92337 innerfire43 the Warrior (level 15, 0/127 (131) HPs)
             Began as a Demonspawn Monk on June 30, 2023.
             Was the Champion of Qazlal.
             Slain by a +0 dire flail of draining (18 damage)
             ... on level 2 of the Elven Halls.
             The game lasted 00:34:22 (16629 turns).

innerfire43 the Warrior (Demonspawn Monk)          Turns: 16629, Time: 00:34:23

HP:   0/127 (131)   AC: 31    Str: 23    XL:     15   Next: 57%
MP:   19/19         EV:  9    Int: 13    God:    Qazlal [******]
Gold: 1586          SH: 31    Dex: 15    Spells: 14/14 levels left

rFire   + . .        V - +2 hand axe (vamp)
rCold   x . .        f - +5 Storm Queen's Shield {shock, Fly rElec}
rNeg    . . .        L - +8 chain mail
rPois   .            h - +0 helmet
rElec   +            j - +1 cloak
rCorr   +            (no gloves)
SInv    .            S - +1 pair of boots of Lesser Demons {Fly}
Will    ++...        i - amulet of reflection Stlth
                     q - ring of Ifuczus {Fire rCorr Str+3 Int+2}
HPRegen 0.41/turn    Z - +4 ring of protection
MPRegen 0.16/turn

%: random rage (3%), repel missiles, reflection
@: protected from physical damage, on berserk cooldown, flying, slowed, lightly
drained, unable to drink, very slow
A: thin metallic scales 2, demonic guardian 2, powered by death 1, demonic
willpower, demonic touch 2, hooves 1, berserk 1, mutation resistance 1, sense
surroundings 1, inability to drink after injury 1
a: Renounce Religion, Upheaval, Elemental Force, Disaster Area


You were on level 2 of the Elven Halls.
You worshipped Qazlal.
Qazlal was exalted by your worship.
You visited 4 branches of the dungeon, and saw 20 of its levels.

You collected 2016 gold pieces.
You spent 430 gold pieces at shops.

Inventory:

Hand Weapons
 O - a +2 hand axe of flaming
 P - a +3 war axe of freezing
 V - a +2 vampiric hand axe (weapon)
 Y - a +3 war axe
Armour
 f - the +5 Storm Queen's Shield (worn) {shock, Fly rElec}
   (You acquired it on level 1 of the Dungeon)

   Shock:     When it blocks an attack, it may electrocute the attacker.
   This works even against foes who are a short distance away.
   rElec:     It insulates you from electricity.
   Fly:       It grants you flight.
 h - a +0 helmet (worn)
 j - a +1 cloak (worn)
 k - the +0 cloak of the Ant {Dex+4}
   (You acquired it on level 2 of the Dungeon)

   Dex:       It affects your dexterity (+4).
 n - the +0 chain mail of the Ecumenical Temple {Drain +Inv rN++ Dex+3}
   (You found it on level 8 of the Dungeon)

   Dex:       It affects your dexterity (+3).
   rN:        It greatly protects you from negative energy.
   +Inv:      It lets you turn invisible.
   Drain:     It drains your maximum health when unequipped.
 p - the +2 chain mail of Ru's Hope {-Tele rPois Str+7}
   (You found it on level 15 of the Dungeon)

   Str:       It affects your strength (+7).
   rPois:     It protects you from poison.
   -Tele:     It prevents most forms of teleportation.
 I - a +2 ring mail of cold resistance
 L - a +8 chain mail (worn)
 S - the +1 pair of boots of Lesser Demons (worn) {Fly}
   (You found it on level 15 of the Dungeon)

   Fly:       It grants you flight.
Jewellery
 e - a ring of see invisible
 i - an amulet of reflection (around neck)
 m - a ring of protection from fire
 q - the ring of Ifuczus (left hand) {Fire rCorr Str+3 Int+2}
   (You found it on level 14 of the Dungeon)

   [ring of fire]

   It enhances your fire magic.
   Str:       It affects your strength (+3).
   Int:       It affects your intelligence (+2).
   rF:        It protects you from fire.
   rC:        It makes you vulnerable to cold.
   rCorr:     It protects you from acid and corrosion.
 x - a +6 ring of intelligence
 D - a ring of positive energy
 N - an amulet of faith
 W - a +6 ring of dexterity
 Z - a +4 ring of protection (right hand)
Wands
 a - a wand of roots (12)
 b - a wand of polymorph (6)
 s - a wand of flame (14)
 G - a wand of acid (4)
 M - a wand of charming (6)
 R - a wand of mindburst (15)
 X - a wand of digging (6)
Scrolls
 l - a scroll of fog
 y - 3 scrolls of revelation
 z - 8 scrolls of teleportation
 A - 4 scrolls of fear
 B - 3 scrolls of blinking
 H - 3 scrolls of amnesia
 U - 2 scrolls of immolation
Potions
 c - a potion of ambrosia
 d - 6 potions of might
 g - a potion of enlightenment
 o - a potion of invisibility {unknown}
 r - 2 potions of attraction
 t - 5 potions of resistance
 u - 4 potions of cancellation
 w - 4 potions of haste
 C - 3 potions of lignification
 E - 5 potions of curing
 F - 2 potions of brilliance {unknown}
 K - a potion of magic {unknown}
 Q - 3 potions of berserk rage
Miscellaneous
 J - a tin of tremorstones (2/2)


   Skills:
 * Level 16.2 Fighting
 + Level 15.5 Axes
 - Level 5.0 Dodging
 - Level 14.0 Shields
 - Level 6.0 Invocations


You had 14 spell levels left.
You didn't know any spells.
Your spell library contained the following spells:

 Spells                   Type           Power      Damage    Failure   Level
 Slow                     Hex            0%         N/A       98%         1
 Cigotuvi's Dreadful Rot  Necr/Pois/Air  0%         N/A       99%         2
 Ensorcelled Hibernation  Hex/Ice        0%         N/A       99%         2
 Poisonous Vapours        Pois/Air       0%         N/A       99%         2
 Confusing Touch          Hex            0%         N/A       100%        3
 Dazzling Flash           Conj/Hex       0%         N/A       100%        3
 Ignite Poison            Fire/Tmut/Pois 0%         N/A       100%        3
 Inner Flame              Hex/Fire       0%         N/A       100%        3
 Mephitic Cloud           Conj/Pois/Air  0%         N/A       100%        3
 Spider Form              Tmut/Pois      0%         N/A       100%        3
 Vampiric Draining        Necr           0%         2d6       100%        3
 Anguish                  Hex/Necr       0%         N/A       100%        4
 Animate Dead             Necr           0%         N/A       100%        4
 Dispel Undead            Necr           0%         3d6       100%        4
 Flame Wave               Conj/Fire      0%         2d4       100%        4
 Sticky Flame             Conj/Fire      0%         2d3       100%        4
 Agony                    Necr           0%         N/A       100%        5
 Borgnjor's Vile Clutch   Necr/Erth      0%         N/A       100%        5
 Freezing Cloud           Conj/Ice/Air   0%         6-21      100%        5
 Silence                  Hex/Air        0%         N/A       100%        5
 Death Channel            Necr           0%         N/A       100%        6


Dungeon Overview and Level Annotations

Branches:
Dungeon (15/15)            Temple (1/1) D:6            Lair (0/5) D:9
    Orc (2/2) D:11            Elf (2/3) Orc:2        Vaults (0/5) D:13
 Depths (0/4) D:15

Altars:
Ashenzari
Cheibriados
Dithmenos
Fedhas
Hepliaklqana
Kikubaaqudgha
Qazlal
Sif Muna
Trog
Vehumet
Wu Jian
Yredelemnul

Shops:
Orc:1 ?   Orc:2 !:*

Portals:
Abyss: Orc:1
Trove: D:15 (give 2 scrolls of acquirement)
Bailey: D:7


Innate Abilities, Weirdness & Mutations

You are mostly covered in thin metallic scales. (AC +3)
A demonic guardian rushes to your aid.
You regenerate a little health from kills.
You punish those that try to bend your will. (Will+)
Your touch may inflict irresistible damage on your foes.
You have large cloven feet.
You sometimes lose your temper in combat.
You are somewhat resistant to further mutation.
You passively map a small area around you.
You occasionally lose the ability to drink potions when taking damage.


Message History

The +2 halberd of protection is engulfed in blazing flames.
You block the +2 halberd of protection's attack.
The deep elf zephyrmancer mumbles some strange words.
The deep elf zephyrmancer blinks!
The fire elemental hits you. The fire elemental burns you! You resist.
The deep elf archer casts a spell.
The deep elf archer blinks!
You block the +0 dire flail of draining's attack.
The deep elf archer shoots an arrow.
The arrow barely misses your smoke demon.
You block the arrow with an invisible shield... and reflect it back!
The arrow hits your smoke demon!!
You kill your smoke demon!
Your smoke demon disappears in a puff of smoke!
The +2 halberd of protection hits you but does no damage.
The fire elemental closely misses you.
The +2 halberd of protection is engulfed in blazing flames.
You block the +2 halberd of protection's attack.
The deep elf archer shoots an arrow.
The arrow hits you!
* * * LOW HITPOINT WARNING * * *
The deep elf archer shoots an arrow.
You block the arrow with an invisible shield... and reflect it back!
The arrow completely misses the deep elf archer.
The arrow hits the deep elf zephyrmancer!!
Your shield discharges, shocking the deep elf archer!
The +0 dire flail of draining hits you but does no damage.
You feel drained. The fire elemental misses you.
You block the +2 halberd of protection's attack.
The deep elf zephyrmancer mumbles some strange words.
The deep elf zephyrmancer blinks!
The deep elf pyromancer gestures wildly while chanting.
The deep elf pyromancer blinks!
The deep elf archer shoots an arrow.
The arrow hits you!
You feel threatened and lose the ability to drink potions!
* * * LOW HITPOINT WARNING * * *
The deep elf archer shoots an arrow.
You block the arrow with an invisible shield... and reflect it back!
The arrow closely misses the deep elf archer.
The +0 dire flail of draining hits you!!
You die...

, * * ,, * * .# , ,,
..* * , .# .###### #
#.....##
*####.#####......# ,
.....(.(@.☼..)..####
*##.####E##e§))e....#
#(##e.§....#.. *
#e))e.).......
#§#######+##.. #§# ,,
, . , * #E# * * , , ,
#☼#, , ,*, , * *,e○#


You could see 3 deep elf archers, a fire elemental (summoned) and 2 dancing
weapons.

Vanquished Creatures
  A tentacled monstrosity (D:15)
  A cacodemon (D:15)
  The ghost of Ricoe the Cleaver, a journeyman FoFi of Okawaru (D:14)
  An orc warlord (Orc:2)
  The ghost of ZoeForever1 the Martial Artist, a journeyman DsTm of Qazlal (Orc:1)
  Azrael (Elf:1)
  A dire elephant (D:15)
  An ettin (Orc:2)
  A blizzard demon (D:14)
  A deep elf high priest (Elf:2)
  The ghost of AwFulAwFulPlayer the Brawler, a journeyman TrMo of Wu Jian (D:13)
  2 great orbs of eyes
  A hydra (D:15)
  2 ogre magi (Orc:2)
  A catoblepas (D:14)
  2 dancing weapons (Elf:1)
  5 centaur warriors
  13 two-headed ogres
  2 boulder beetles
  Nergalle (D:11)
  An orc high priest (Elf:1)
  3 deep elf knights
  A wretched star (Orc:1)
  3 skeletal warriors (D:15)
  2 deep trolls (Orc:2)
  A deep troll (shapeshifter) (D:15)
  A glowing orange brain (D:15)
  Pikel (D:8)
  15 deep elf zephyrmancers
  An orc knight (D:13)
  17 deep elf pyromancers
  A wolf spider zombie (D:14)
  3 orc sorcerers (Elf:1)
  A glowing shapeshifter (D:15)
  9 cyclopes
  A wolf spider (D:15)
  4 ugly things
  A worldbinder (Orc:1)
  A manticore (D:14)
  A black mamba (shapeshifter) (D:13)
  10 centaur zombies
  3 spectral centaurs (D:13)
  An unseen horror (D:11)
  A rime drake (D:14)
  A kobold demonologist (D:9)
  An efreet (D:15)
  2 ice devils (D:14)
  10 trolls
  Grinder (D:3)
  A queen bee (shapeshifter) (D:13)
  3 meliai (D:11)
  A meliai zombie (D:14)
  3 large abominations (Orc:1)
  17 slime creatures
  6 centaur simulacra (D:14)
  A vampire (D:12)
  Sigmund (D:6)
  A shadow (D:11)
  4 wyverns
  Grum (D:8)
  3 wraiths
  2 basilisks
  A human (shapeshifter) (D:15)
  7 yaks
  16 humans (D:13)
  3 fire elementals (Elf:1)
  2 neqoxecs (D:15)
  11 vampire mosquitoes
  2 wargs
  An acid dragon (D:12)
  A water moccasin (D:5)
  A hell hound (Elf:1)
  20 orc warriors
  2 black bears
  An ice beast (shapeshifter) (D:15)
  3 ice beasts
  2 sky beasts
  3 hornet zombies (D:14)
  23 ogres
  9 centaurs
  3 wolves (D:8)
  2 kobold brigands
  3 bullfrogs
  A gnoll sergeant (D:6)
  A scorpion (D:6)
  A scorpion (shapeshifter) (D:15)
  13 wights
  8 killer bees
  10 howler monkeys
  3 electric eels (D:8)
  2 hounds
  A gnoll bouda (D:7)
  3 jellies
  A jelly (shapeshifter) (D:15)
  7 orc priests
  A sleepcap (D:8)
  3 boggart zombies
  8 iguanas
  8 orc wizards
  12 gnolls
  A gnoll (shapeshifter) (D:15)
  10 adders
  A shadow imp (D:7)
  An ufetubus (D:5)
  3 worms
  4 dart slugs
  65 orcs
  7 ball pythons
  6 bats
  6 endoplasms
  4 giant cockroaches
  9 goblins
  A hobgoblin (D:3)
  10 kobolds
  2 quokkas
  A frilled lizard (D:3)
  A rat (shapeshifter) (D:15)
  3 rats
516 creatures vanquished.

Vanquished Creatures (collateral kills)
  The ghost of Bustrupp the Cruncher, a journeyman DsMo of Gozag (D:15)
  A quicksilver ooze (shapeshifter) (Orc:1)
  A centaur warrior (D:13)
  A skeletal warrior (D:15)
  A glowing orange brain (D:15)
  A deep elf pyromancer (Elf:2)
  2 ugly things (D:15)
  A deep elf zephyrmancer (Elf:2)
  An orc knight (Orc:1)
  A freezing wraith (D:15)
  A hornet (D:9)
  4 slime creatures
  A spectral hornet (D:13)
  2 orc priests (Orc:1)
  A white imp (D:6)
  An orc (Orc:2)
21 creatures vanquished.

Vanquished Creatures (others)
  3 deep elf knights
  3 deep elf pyromancers
  A water elemental (Elf:2)
7 creatures vanquished.

Grand Total: 544 creatures vanquished

Notes
Turn   | Place    | Note
-------+----------+-------------------------------------------
     0 | D:1      | innerfire43 the Demonspawn Monk began the quest for the
                  | Orb.
     0 | D:1      | Reached XP level 1. HP: 18/18 MP: 1/1
   113 | D:1      | Gained mutation: Your touch may inflict minor irresistible
                  | damage on your foes. [demonic ancestry]
   113 | D:1      | Reached XP level 2. HP: 24/24 MP: 2/2
   121 | D:1      | Identified a scroll of acquirement
   121 | D:1      | Acquired the +5 Storm Queen's Shield {shock, Fly rElec}
   121 | D:1      | Found the +5 Storm Queen's Shield {shock, Fly rElec}
   226 | D:1      | You are sucked into a shaft and drop 1 floor!
   391 | D:2      | Reached XP level 3. HP: 24/29 MP: 3/3
   475 | D:2      | Acquired the +0 cloak of the Ant {Dex+4}
   686 | D:2      | Gained mutation: You are partially covered in thin metallic
                  | scales. (AC +2) [demonic ancestry]
   686 | D:2      | Reached XP level 4. HP: 37/37 MP: 4/4
  1275 | D:3      | Reached skill level 1 in Shields
  1425 | D:3      | Noticed Grinder
  1435 | D:3      | Paralysed by Grinder for 3 turns
  1440 | D:3      | Killed Grinder
  1441 | D:3      | Reached skill level 4 in Fighting
  1441 | D:3      | Gained mutation: Your touch may inflict irresistible damage
                  | on your foes. [demonic ancestry]
  1441 | D:3      | Reached XP level 5. HP: 31/42 MP: 5/5
  1441 | D:3      | Reached XP level 6. HP: 36/48 MP: 6/6
  2193 | D:4      | Found an ancient bone altar of Kikubaaqudgha.
  2685 | D:5      | Entered Level 5 of the Dungeon
  2723 | D:5      | Noticed a water moccasin
  2727 | D:5      | Killed a water moccasin
  2728 | D:5      | Gained mutation: A weak demonic guardian rushes to your
                  | aid. [demonic ancestry]
  2728 | D:5      | Reached XP level 7. HP: 55/55 MP: 7/7
  3021 | D:5      | Found a hazy altar of Hepliaklqana.
  3043 | D:5      | Reached skill level 5 in Fighting
  3127 | D:5      | Gained mutation: You regenerate a little health from kills.
                  | [demonic ancestry]
  3127 | D:5      | Reached XP level 8. HP: 42/62 MP: 8/8
  3144 | D:5      | Reached skill level 5 in Shields
  3148 | D:5      | Reached skill level 5 in Axes
  3148 | D:5      | Reached skill level 5 in Dodging
  3527 | D:6      | Found a radiant altar of Vehumet.
  3599 | D:6      | Reached skill level 6 in Fighting
  3603 | D:6      | Found a staircase to the Ecumenical Temple.
  3632 | Temple   | Entered the Ecumenical Temple
  3730 | Temple   | Became a worshipper of Qazlal Stormbringer
  3730 | Temple   | Reached * piety under Qazlal
  3730 | Temple   | Reached ** piety under Qazlal
  3765 | D:6      | Reached XP level 9. HP: 70/70 MP: 9/9
  4042 | D:6      | Noticed Sigmund
  4049 | D:6      | Killed Sigmund
  4353 | D:7      | Found an ornate altar of the Wu Jian Council.
  4475 | D:7      | Found a broken altar of Ashenzari.
  4646 | D:7      | Reached skill level 7 in Fighting
  4667 | D:7      | Found a flagged portal.
  4978 | D:8      | Noticed Grum
  4989 | D:8      | Killed Grum
  5216 | D:8      | Noticed a boulder beetle
  5236 | D:8      | Killed a boulder beetle
  5237 | D:8      | Reached XP level 10. HP: 24/79 MP: 10/10
  5484 | D:8      | Noticed a two-headed ogre
  5491 | D:8      | Killed a two-headed ogre
  5491 | D:8      | Reached *** piety under Qazlal
  5492 | D:8      | Reached skill level 10 in Shields
  5763 | D:8      | Identified the +0 chain mail of the Ecumenical Temple
                  | {Drain +Inv rN++ Dex+3}
  6145 | D:8      | Noticed Pikel
  6151 | D:8      | Killed Pikel
  6332 | D:8      | Gained mutation: You passively map a small area around you.
                  | [potion of mutation]
  6332 | D:8      | Gained mutation: You are frail. (-10% HP) [potion of
                  | mutation]
  6332 | D:8      | Gained mutation: You are vulnerable to cold. (rC-) [potion
                  | of mutation]
  6332 | D:8      | Gained mutation: You are covered in fur. (AC +1) [potion of
                  | mutation]
  6333 | D:8      | Lost mutation: You are vulnerable to cold. (rC-) [potion of
                  | mutation]
  6333 | D:8      | Lost mutation: You are frail. (-10% HP) [potion of
                  | mutation]
  6333 | D:8      | Gained mutation: You are weak. (Str -2) [potion of
                  | mutation]
  6333 | D:8      | Gained mutation: You have large cloven feet. [potion of
                  | mutation]
  6334 | D:8      | Lost mutation: You are covered in fur. (AC +1) [potion of
                  | mutation]
  6334 | D:8      | Lost mutation: You are weak. (Str -2) [potion of mutation]
  6334 | D:8      | Gained mutation: You are somewhat resistant to further
                  | mutation. [potion of mutation]
  6334 | D:8      | Gained mutation: You sometimes lose your temper in combat.
                  | [potion of mutation]
  6561 | D:9      | Noticed an orange demon
  6566 | D:9      | Noticed a rust devil
  6566 | D:9      | Noticed a sixfirhy
  6686 | D:9      | Found a blossoming altar of Fedhas.
  6713 | D:9      | Found a staircase to the Lair.
  6808 | D:9      | Identified the +1 flail of Equivalence {elec, rPois Int+5
                  | Dex-5 Stlth+}
  6954 | D:9      | Gained mutation: You are mostly covered in thin metallic
                  | scales. (AC +3) [demonic ancestry]
  6954 | D:9      | Reached XP level 11. HP: 84/84 MP: 11/11
  7069 | D:10     | Entered Level 10 of the Dungeon
  7072 | D:10     | Found a shimmering blue altar of Sif Muna.
  7099 | D:10     | Found a shadowy altar of Dithmenos.
  7604 | D:10     | Reached **** piety under Qazlal
  7605 | D:10     | Found a snail-covered altar of Cheibriados.
  7739 | D:10     | Reached skill level 1 in Invocations
  8445 | D:11     | Noticed Nergalle
  8468 | D:11     | Killed Nergalle
  8684 | D:11     | Noticed a boulder beetle
  8716 | D:11     | Killed a boulder beetle
  8717 | D:11     | Reached skill level 5 in Invocations
  8885 | D:11     | Noticed a two-headed ogre
  8890 | D:11     | Killed a two-headed ogre
  8978 | D:11     | Found a staircase to the Orcish Mines.
  9459 | D:12     | Noticed a purple ugly thing
  9476 | D:12     | Killed a purple ugly thing
 10080 | D:12     | Gained mutation: A demonic guardian rushes to your aid.
                  | [demonic ancestry]
 10080 | D:12     | Reached XP level 12. HP: 81/92 MP: 16/16
 10496 | D:13     | Noticed a two-headed ogre
 10499 | D:13     | Found a gate to the Vaults.
 10499 | D:13     | Noticed a centaur warrior
 10504 | D:13     | Killed a two-headed ogre
 10505 | D:13     | Reached skill level 8 in Fighting
 10508 | D:13     | Reached ***** piety under Qazlal
 10515 | D:13     | Noticed a two-headed ogre
 10517 | D:13     | Killed a centaur warrior
 10527 | D:13     | Killed a two-headed ogre
 10528 | D:13     | Reached skill level 9 in Fighting
 10562 | D:13     | Noticed a centaur warrior
 10570 | D:13     | Killed a centaur warrior
 10589 | D:13     | Noticed an entropy weaver
 10590 | D:13     | an entropy weaver changed into a black mamba
 10598 | D:13     | Found a runed translucent gate.
 10598 | D:13     | Found a runed translucent gate.
 10599 | D:13     | Found a runed translucent gate.
 10748 | D:13     | Identified the +5 trident "Guizxoi" {heavy, rCorr Int+2
                  | Stlth+}
 11110 | D:13     | Noticed AwFulAwFulPlayer's ghost (journeyman TrMo)
 11195 | D:13     | Reached skill level 10 in Axes
 11213 | D:13     | Killed AwFulAwFulPlayer's ghost
 11294 | D:14     | Found a runed translucent gate.
 11294 | D:14     | Found a runed translucent gate.
 11294 | D:14     | Found a runed translucent gate.
 11307 | D:14     | Noticed a centaur warrior
 11332 | D:14     | Reached skill level 10 in Fighting
 11335 | D:14     | Killed a centaur warrior
 11343 | D:14     | Reached XP level 13. HP: 103/103 MP: 17/17
 11579 | D:14     | Reached ****** piety under Qazlal
 11607 | D:14     | Found a basalt altar of Yredelemnul.
 11618 | D:14     | Reached skill level 11 in Fighting
 11833 | D:14     | Noticed Ricoe's ghost (journeyman FoFi)
 11833 | D:14     | Noticed a blizzard demon
 12083 | D:14     | Killed a blizzard demon
 12126 | D:14     | Killed Ricoe's ghost
 12133 | D:14     | HP: 5/106 [poisoned by Ricoe's ghost]
 12432 | D:14     | Got the ring of Ifuczus {Fire rCorr Str+3 Int+2}
 12482 | D:15     | Entered Level 15 of the Dungeon
 12658 | D:15     | Found a runed translucent gate.
 12658 | D:15     | Found a runed translucent gate.
 12658 | D:15     | Found a runed translucent gate.
 12662 | D:15     | Identified the +2 chain mail of Ru's Hope {-Tele rPois
                  | Str+7}
 12713 | D:15     | Found a gate leading to a gauntlet.
 12794 | D:15     | Gained mutation: You punish those that try to bend your
                  | will. (Will+) [demonic ancestry]
 12794 | D:15     | Reached XP level 14. HP: 107/114 MP: 18/18
 12802 | D:15     | Reached skill level 12 in Fighting
 12804 | D:15     | Found a runed translucent gate.
 12804 | D:15     | Found a runed translucent gate.
 12805 | D:15     | Noticed a cacodemon
 12806 | D:15     | Noticed Bustrupp's ghost (journeyman DsMo)
 12808 | D:15     | Found a runed translucent gate.
 12808 | D:15     | Noticed a tentacled monstrosity
 12843 | D:15     | Found a portal to a secret trove of treasure.
 12962 | D:15     | Found a staircase to the Depths.
 13274 | D:15     | Killed a tentacled monstrosity
 13282 | D:15     | Killed a cacodemon
 13298 | D:15     | Gained mutation: You occasionally lose the ability to drink
                  | potions when taking damage. [a neqoxec]
 13340 | D:15     | Killed Bustrupp's ghost
 13514 | D:15     | Identified the +1 pair of boots of Lesser Demons {Fly}
 13828 | Orc:1    | Entered Level 1 of the Orcish Mines
 13828 | Orc:1    | Found a transporter.
 14074 | Orc:1    | Found Ofegg's Magic Scroll Boutique.
 14101 | Orc:1    | Bought a scroll of enchant armour for 75 gold pieces
 14101 | Orc:1    | Bought a scroll of enchant weapon for 75 gold pieces
 14101 | Orc:1    | Bought a scroll of enchant armour for 75 gold pieces
 14158 | Orc:1    | Noticed ZoeForever1's ghost (journeyman DsTm)
 14159 | Orc:1    | Found a one-way gate to the infinite horrors of the Abyss.
 14168 | Orc:1    | Found a transporter.
 14431 | Orc:1    | Noticed a quicksilver ooze
 14436 | Orc:1    | Killed a quicksilver ooze
 14437 | Orc:1    | Reached skill level 13 in Fighting
 14497 | Orc:1    | Killed ZoeForever1's ghost
 14694 | Orc:2    | Entered Level 2 of the Orcish Mines
 14749 | Orc:2    | Reached skill level 14 in Fighting
 14814 | Orc:2    | Found Uruapp's Distillery.
 14826 | Orc:2    | Found Louth's General Store.
 14856 | Orc:2    | Found Xeakege's Book Boutique.
 14857 | Orc:2    | Found Tyulaexa's Assorted Antiques.
 14906 | Orc:2    | Bought a potion of heal wounds for 60 gold pieces
 14953 | Orc:2    | Bought a glowing cameo amulet for 145 gold pieces
 14975 | Orc:2    | Found a staircase to the Elven Halls.
 15189 | Orc:2    | Noticed an orc warlord
 15220 | Orc:2    | Killed an orc warlord
 15221 | Orc:2    | Reached XP level 15. HP: 125/127 MP: 19/19
 15536 | Elf:1    | Entered Level 1 of the Elven Halls
 15608 | Elf:1    | Noticed Azrael
 15613 | Elf:1    | Reached skill level 15 in Fighting
 15622 | Elf:1    | Killed Azrael
 15623 | Elf:1    | Reached skill level 15 in Axes
 16593 | Elf:2    | Reached skill level 16 in Fighting
 16629 | Elf:2    | Slain by a +0 dire flail of draining

Illustrated notes

Levels and vault maps discovered:
D:1:      roderic_crossed_star, layout_rooms, serial_shops, nicolae_diamond_shop
D:2:      layout_loops_cross
D:3:      layout_basic, uniq_grinder
D:4:      layout_basic, zin_academy, kennysheep_mini
D:5:      layout_basic, kennysheep_mini_moat, grunt_decor_one_mirror,
          kennysheep_generic_room_9
D:6:      layout_loops_ring, vehumet_crystals, minmay_temple_entry_stoned_glass,
          uniq_sigmund
D:7:      layout_rooms, evilmike_ruin_ashenzari, lemuel_coloured_pillars_altar,
          enter_bailey_5
D:8:      layout_loops_corners, water_boxes_lemuel, uniq_pikel, uniq_grum
D:9:      layout_roguey, marbit_many_paths, fedhas_ov_isle_minmay,
          grunt_lair_entry_orc_guard_hut
D:10:     layout_roguey, cheibriados_altar_1,
          mainiacjoe_overflow_large_starburst, serial_co_window_serial,
          co_window_paths_b, co_window_paths_b, co_window_corner_a,
          co_window_paths_a, co_window_of_opportunity_a, co_window_paths_b,
          co_window_corner_a, co_window_broadway_c, co_window_corner_b,
          co_window_2corner, co_window_corner_cb, minmay_misc_feat_ornament
D:11:     layout_basic, orc_0_dummy, uniq_nergalle
D:12:     layout_stronghold
D:13:     layout_irregular_city, david_vaults_3, gammafunk_ghost_necromancy
D:14:     layout_big_octagon, gammafunk_ghost_icy, minmay_misc_feat_doors,
          nicolae_yredelemnul_corpse_copse
D:15:     hangedman_depths_entry_try_elsewhere_first, layout_cave_pools,
          ploomutoo_gammafunk_ghost_potion_laboratory, enter_trove_2,
          gauntlet_entry_generic
Temple:   bh_familiar_temple
Orc:1:    layout_diamond_mine, gammafunk_ghost_abyssal_escape, serial_shops,
          nicolae_shop_tiny_waterfront
Orc:2:    st_orc_open, layout_caves, basic_altar, minmay_orc_barracks
Elf:1:    nicolae_elf_arrival_no_cutting_in_line, layout_loops_corners,
          minmay_elf_crystal_hexagon, minmay_misc_feat_alley, uniq_azrael
Elf:2:    nicolae_elf_blades_splatter_lattice [mumra_blade_entry_bloodbath],
          layout_rooms, minivault_25_ag, grunt_ministairs_2,
          hangedman_glass_teeth

Skill      XL: |  1  2  3  4  5  6  7  8  9 10 11 12 13 14 15 |
---------------+----------------------------------------------+-----
Axes           | 3 4 5 6 7 10 13 14 15 | 15.5
Dodging        | 3 4 5 |  5.0
Shields        | 2 3 4 6 9 12 14 | 14.0
Fighting       | 4 5 6 7 10 11 14 16 | 16.2
Invocations    | 6 |  6.0

Action                     |  1- 3 |  4- 6 |  7- 9 | 10-12 | 13-15 || total
---------------------------+-------+-------+-------+-------+-------++-------
  Melee: Hand axe          |    56 |       |       |   208 |   872 ||  1136
         War axe           |     2 |    78 |   222 |   278 |       ||   580
    Use: Scroll            |     2 |     6 |       |    12 |     8 ||    28
         Potion            |       |       |       |     7 |     8 ||    15
   Stab: Sleeping          |     2 |     4 |     1 |       |       ||     7
         Distracted        |       |       |     3 |     1 |     3 ||     7
 Armour: Robe              |     8 |    22 |    29 |       |       ||    59
         Ring mail         |       |       |    16 |    13 |       ||    29
         Chain mail        |       |       |       |   137 |   305 ||   442
  Dodge: Dodged            |    19 |    23 |    88 |   124 |   153 ||   407
         Repelled          |       |       |       |     1 |     8 ||     9
  Block: Kite shield       |    22 |    62 |   208 |   574 |  1012 ||  1878
         Reflection        |       |       |       |       |    26 ||    26

Table legend: (Time is in decaauts)
 A = Elapsed time spent in this place.
 B = Non-inter-level travel time spent in this place.
 C = Inter-level travel time spent in this place.
 D = Time resting spent in this place.
 E = Time spent auto-exploring this place.
 F = Levels seen in this place.
 G = Mean time per level.
                   A        B        C        D        E       F      G
               +--------+--------+--------+--------+--------+-----+--------+
         Total |  16860 |  15527 |   1333 |      0 |  11819 |  20 |  843.0 |
       Dungeon |  14010 |  12921 |   1089 |      0 |   9985 |  15 |  934.0 |
        Temple |    116 |    116 |      0 |      0 |     89 |   1 |  116.0 |
  Orcish Mines |   1673 |   1477 |    196 |      0 |   1014 |   2 |  836.5 |
   Elven Halls |   1060 |   1012 |     48 |      0 |    731 |   2 |  530.0 |
               +--------+--------+--------+--------+--------+-----+--------+

Top non-repeatable levels by time:
     D:8: 1610 daAuts
    D:10: 1352 daAuts
    D:15: 1278 daAuts
    D:14: 1215 daAuts
    D:12: 1125 daAuts
    D:11: 1042 daAuts
     D:4: 1040 daAuts
   Elf:1: 1006 daAuts
   Orc:1: 848 daAuts
     D:2: 845 daAuts
   Orc:2: 824 daAuts
    D:13: 820 daAuts
     D:6: 793 daAuts
     D:5: 715 daAuts
     D:9: 699 daAuts
